 Dungeon Crawl Stone Soup version 0.27.1-2-g3b301248ec (webtiles) character file.

Game seed: 1410588916729268751

3488 MajorAdolf the Conjurer (level 10, -1/91 HPs)
             Began as a Naga Wanderer on Sept 29, 2021.
             Was an Initiate of Gozag.
             Killed from afar by Harold (11 damage)
             ... with a harpoon shot
             ... on level 7 of the Dungeon.
             The game lasted 00:20:40 (17563 turns).

MajorAdolf the Conjurer (Naga Wanderer)            Turns: 17563, Time: 00:20:40

Health: -1/91      AC:  0    Str: 13    XL:     10   Next: 7%
Magic:  2/18       EV: 14    Int: 17    God:    Gozag
Gold:   255        SH:  0    Dex: 11    Spells: 18/20 levels left

rFire    . . .     SeeInvis +   (weapon currently unavailable)
rCold    . . .     Faith    .   (shield currently unavailable)
rNeg     . . .     Spirit   .   (armour currently unavailable)
rPois    .         Reflect  .   (helmet currently unavailable)
rElec    .         Harm     .   (cloak currently unavailable)
rCorr    .         Rampage  .   (gloves currently unavailable)
Will     +....                  (no barding)
Stlth    ++........             (no amulet)
HPRegen  0.25/turn              (ring currently unavailable)
MPRegen  0.16/turn              (ring currently unavailable)

@: pig-form, marked, very quick
A: fast, no casting, AC +3, small, see invisible, (deformed body), (poison
resistance), (slowness 2), spit poison 1, (naga tail 1)
a: Spit Poison, Renounce Religion, Potion Petition, Call Merchant, Bribe Branch


You were on level 7 of the Dungeon.
You worshipped Gozag.
Gozag was aware of your devotion.
You were a filthy swine.
You visited 2 branches of the dungeon, and saw 8 of its levels.

You collected 338 gold pieces.
You paid 83 gold pieces to Gozag.

Inventory:

Hand Weapons
 p - a +4 dagger of freezing
 E - a +1 whip of electrocution (melded)
Missiles
 c - 2 throwing nets
 g - 32 sling bullets
Armour
 f - a +2 kite shield (melded)
 m - a +0 pair of gloves (melded)
 q - a scarf of resistance (melded)
 F - a +1 robe (melded)
 H - a +1 helmet (melded)
Jewellery
 d - a +4 ring of evasion (melded)
 j - a ring of ice
 k - a ring of protection from cold (melded)
Wands
 o - a wand of iceblast (8)
 y - a wand of charming (10)
 B - a wand of mindburst (17)
Scrolls
 a - a scroll of fear
 e - 3 scrolls of amnesia {unknown}
 i - 2 scrolls of magic mapping {unknown}
 l - 3 scrolls of silence {unknown}
 n - a scroll of teleportation {unknown}
 t - 4 scrolls of identify {unknown}
 w - a scroll of brand weapon {unknown}
 x - 3 scrolls of enchant weapon {unknown}
 G - a scroll of holy word {unknown}
Potions
 b - 2 potions of curing
 h - 2 potions of haste {unknown}
 r - 4 potions of heal wounds {unknown}
 s - 3 potions of degeneration {unknown}
 u - a potion of invisibility {unknown}
 v - 2 potions of lignification {unknown}
 z - a potion of attraction {unknown}
 A - a potion of ambrosia {unknown}
 C - a potion of mutation {unknown}
 D - a potion of magic {unknown}


   Skills:
 + Level 5.6 Fighting
 + Level 3.9 Maces & Flails
 - Level 1.0 Armour
 + Level 3.1 Dodging
 - Level 4.3 Stealth
 + Level 4.2 Shields
 + Level 5.6 Spellcasting
 + Level 6.2 Conjurations
 + Level 6.2 Air Magic
 - Level 1.0 Evocations


You had 18 spell levels left.
You knew the following spells:

 Your Spells              Type           Power      Damage    Failure   Level
a - Static Discharge      Conj/Air       26%        N/A       1%          2

Your spell library contained the following spells:

 Spells                   Type           Power      Damage    Failure   Level
 Ensorcelled Hibernation  Hex/Ice        8%         N/A       21%         2
 Sticky Flame             Conj/Fire      15%        2d4       36%         4
 Spider Form              Tmut/Pois      2%         N/A       38%         3
 Dispel Undead            Necr           4%         3d7       80%         4
 Summon Forest            Summ/Tloc      2%         N/A       98%         5
 Eringya's Noxious Bog    Tmut/Pois      2%         N/A       100%        6
 Shadow Creatures         Summ           N/A        N/A       100%        6
 Summon Hydra             Summ           2%         N/A       100%        7


Dungeon Overview and Level Annotations

Branches:
Dungeon (7/15)             Temple (1/1) D:7

Altars:
Ashenzari
Cheibriados
Dithmenos
Elyvilon
Fedhas
Gozag
Hepliaklqana
Kikubaaqudgha
Makhleb
Nemelex Xobeh
Okawaru
Qazlal
Ru
Trog
Uskayaw
Vehumet
Wu Jian
Xom
Yredelemnul
Zin

Annotations:
D:7 Harold


Innate Abilities, Weirdness & Mutations

You are a filthy swine.
You move quickly.
Your equipment is almost entirely melded.
You are incapable of wielding weapons or throwing items.
You cannot cast spells.
((Your serpentine skin is tough. (AC +3)))
You have supernaturally acute eyesight. (SInv)
((Armour fits poorly on your strangely shaped body.))
((Your system is resistant to poisons. (rPois)))
((You cover ground very slowly.))
You can spit poison.
((You have a snake-like lower body.))


Message History

Harold is struck by an arc of lightning!
Harold is severely wounded.
You are struck by an arc of lightning.
The lightning grounds out.
You block Harold's attack.
Harold is struck by an arc of lightning!
Harold is almost dead.
You are struck by an arc of lightning.
The lightning grounds out.
You block Harold's attack.
You don't have enough magic to cast this spell.
Press: ? - help, Shift-Dir - straight line, f - Harold
Aim: Harold, wielding a +0 war axe, wearing a +0 chain mail and carrying a wand of polymorph (10) (almost dead)
The splash of poison hits Harold.
Harold is poisoned.
Harold is almost dead.
Harold zaps a wand.
You turn into a filthy swine.
Your +1 whip of electrocution melds into your body.
Your scarf of resistance melds into your body.
Your +1 helmet melds into your body.
Your +0 pair of gloves melds into your body.
Your +2 kite shield melds into your body.
Your +1 robe melds into your body.
Your +4 ring of evasion melds into your body.
Your ring of protection from cold melds into your body.
Your +1 whip of electrocution stops crackling.
You feel hot and cold all over.
You hit Harold but do no damage.
Harold is almost dead.
Harold hits you with a +0 war axe!
Unknown command.
You hit Harold.
Harold is almost dead.
Harold hits you with a +0 war axe!!
* * * LOW HITPOINT WARNING * * *
Unknown command.
Okay, then.
You have got your breath back.
Harold considers, "I think I'll use your bounty to get a nice plot of land..."
Harold fires a harpoon shot at you. The harpoon shot hits you!
You die...
Your body crumbles into a pile of gold.

#......................+.
#########..............##
#......#.........
########'########
#########........#
#@......+........#
#.#######........#
#.#..............#
#.h..###.>.......#
######..###.#..######
#.....<.....#..#
#.#####.##..#..#
#...........#..#
#######.#...#..#
#.#...#..# #.#.#'#..##
#.#.......#


You could see Harold (poisoned).

Vanquished Creatures
  Pikel (D:5)
  A hornet (D:7)
  A steam dragon (D:7)
  A water moccasin (D:7)
  Duvessa (D:7)
  A black bear (D:4)
  2 ice beasts
  A sky beast (D:5)
  2 ogres (D:4)
  A necrophage (D:5)
  2 centaurs
  3 lemures
  3 scorpions
  Dowan (D:7)
  2 gnoll sergeants
  A wyvern skeleton (D:6)
  5 killer bees (D:7)
  A howler monkey (D:7)
  3 electric eels (D:7)
  A bullfrog zombie (D:6)
  2 hounds
  2 orc priests (D:7)
  A centaur skeleton (D:6)
  2 centaur zombies
  A jelly (D:6)
  A scorpion zombie (D:5)
  A bullfrog skeleton (D:6)
  2 gnoll shamans (D:7)
  Ijyb (D:3)
  An iguana (D:5)
  4 orc wizards
  A hound skeleton (D:4)
  21 gnolls
  8 adders
  A white imp (D:6)
  An adder skeleton (D:4)
  A worm (D:2)
  9 dart slugs
  19 orcs
  5 ball pythons
  7 endoplasms
  3 giant cockroaches
  5 goblins
  6 hobgoblins
  2 jackals (D:1)
  3 kobolds
  2 quokkas
  A bat (D:1)
  3 frilled lizards (D:2)
  6 rats
156 creatures vanquished.

Vanquished Creatures (others)
  An orc warrior (D:6)
  An orc (D:6)
2 creatures vanquished.

Grand Total: 158 creatures vanquished

Notes
Turn   | Place    | Note
-------+----------+-------------------------------------------
     0 | D:1      | MajorAdolf the Naga Wanderer began the quest for the Orb.
     0 | D:1      | MajorAdolf set off with the following items: a +2 mace, 2
                  | potions of curing, a +0 robe
     0 | D:1      | Reached XP level 1. HP: 22/22 MP: 1/1
   186 | D:1      | Reached XP level 2. HP: 30/30 MP: 2/2
  1141 | D:2      | Reached XP level 3. HP: 37/37 MP: 3/3
  1153 | D:2      | Found a shadowy altar of Dithmenos.
  1442 | D:2      | Reached XP level 4. HP: 18/45 MP: 4/4
  2505 | D:3      | Noticed Ijyb
  2527 | D:3      | Learned a level 2 spell: Static Discharge
  3076 | D:3      | Found a faded altar of an unknown god.
  3296 | D:3      | Killed Ijyb
  3565 | D:3      | Reached skill level 1 in Spellcasting
  3565 | D:3      | Reached skill level 1 in Conjurations
  3565 | D:3      | Reached skill level 1 in Air Magic
  3774 | D:4      | Reached XP level 5. HP: 49/51 MP: 6/6
  4170 | D:4      | Noticed an ogre
  4177 | D:4      | Killed an ogre
  4178 | D:4      | Reached XP level 6. HP: 36/60 MP: 1/9
  5425 | D:4      | Noticed a black bear
  5455 | D:4      | Killed a black bear
  5559 | D:4      | Reached XP level 7. HP: 65/66 MP: 6/11
  6129 | D:5      | Entered Level 5 of the Dungeon
  6443 | D:5      | Reached skill level 1 in Shields
  7330 | D:5      | Found a snail-covered altar of Cheibriados.
  7495 | D:5      | Found a basalt altar of Yredelemnul.
  7495 | D:5      | Found an ancient bone altar of Kikubaaqudgha.
  7496 | D:5      | Found a bloodstained altar of Trog.
  7516 | D:5      | Reached XP level 8. HP: 51/73 MP: 1/13
 10082 | D:5      | Found an ancient bone altar of Kikubaaqudgha.
 10083 | D:5      | Found a bloodstained altar of Trog.
 10085 | D:5      | Found a basalt altar of Yredelemnul.
 10295 | D:5      | Found a snail-covered altar of Cheibriados.
 12233 | D:6      | Found a shimmering altar of Xom.
 12383 | D:6      | You fall into a shaft and drop 1 floor!
 12388 | D:7      | Noticed a hornet
 12413 | D:7      | Killed a hornet
 12414 | D:7      | Reached skill level 1 in Dodging
 12414 | D:7      | Reached skill level 5 in Conjurations
 12414 | D:7      | Reached skill level 5 in Air Magic
 12565 | D:7      | Noticed Harold
 12578 | D:6      | Noticed Pikel
 12931 | D:6      | Reached XP level 9. HP: 68/80 MP: 9/16
 13113 | D:5      | Killed Pikel
 13114 | D:5      | Reached skill level 5 in Spellcasting
 14146 | D:7      | Found a stormy altar of Qazlal.
 14287 | D:7      | Reached skill level 5 in Fighting
 16470 | D:7      | Noticed Dowan
 16471 | D:7      | Noticed Duvessa
 16490 | D:7      | Killed Duvessa
 16502 | D:7      | Killed Dowan
 16645 | D:7      | Found a staircase to the Ecumenical Temple.
 16682 | Temple   | Entered the Ecumenical Temple
 16981 | Temple   | Became a worshipper of Gozag Ym Sagoz the Greedy
 17149 | D:7      | Reached XP level 10. HP: 85/88 MP: 11/18
 17414 | D:7      | Found a blossoming altar of Fedhas.
 17563 | D:7      | Killed from afar by Harold

Illustrated notes

Levels and vault maps discovered:
D:1:      dpeg_arrival_yet_another_circle, layout_basic
D:2:      layout_basic, basic_altar, minivault_14, hangedman_decor_riveting
D:3:      layout_rooms, shapermc_ecumenical_altar_hornbeckon, uniq_ijyb
D:4:      layout_loops_cross
D:5:      layout_loops_ring, chequers_temple_overflow_statue_of_worship,
          mainiacjoe_overflow_paths, minmay_crossroads
D:6:      layout_gridville, xom_confusion_cloud, uniq_pikel
D:7:      kennysheep_slugbush, layout_basic, lemuel_coloured_pillars_altar,
          nicolae_qazlal_style_of_elements, minmay_temple_entry_junction_2,
          minivault_25, uniq_harold, uniq_duvessa
Temple:   nicolae_temple_figure_eight

Skill      XL: |  1  2  3  4  5  6  7  8  9 10 |
---------------+-------------------------------+-----
Stealth        | 2 3 4 |  4.3
Spellcasting   | 1 2 3 4 5 |  5.6
Conjurations   | 1 2 3 4 5 6 |  6.2
Air Magic      | 1 2 3 4 5 6 |  6.2
Shields        | 1 3 4 |  4.2
Dodging        | 1 2 3 |  3.1
Fighting       | 5 |  5.6
Maces & Flails | |  3.9
Armour         | |  1.0
Evocations     | |  1.0

Action                   |  1- 3 |  4- 6 |  7- 9 | 10-12 || total
-------------------------+-------+-------+-------+-------++-------
Melee: Mace              |    32 |    26 |       |       ||    58
       Dagger            |       |    38 |    25 |       ||    63
       Whip              |       |       |    45 |     4 ||    49
       Unarmed           |       |       |       |     2 ||     2
 Cast: Static Discharge  |       |     9 |   171 |    15 ||   195
 Abil: Spit Poison       |    23 |    38 |    28 |     1 ||    90
Evoke: Wand              |       |     2 |       |       ||     2
  Use: Potion            |       |     1 |       |       ||     1
       Scroll            |       |       |     1 |       ||     1
 Stab: Sleeping          |     1 |       |     1 |       ||     2
Armor: Robe              |     3 |    31 |    63 |     3 ||   100
Dodge: Dodged            |    15 |    81 |   131 |     7 ||   234
Block: Kite shield       |     7 |     6 |    70 |     6 ||    89
